 Dungeon Crawl Stone Soup version 0.31-a0-1540-g5a0b83f448 (webtiles) character file.

Game seed: 12082153852171305894

10412 wildpjah the Carver (level 11, -8/72 HPs)
             Began as a Demonspawn Gladiator on Jan 2, 2024.
             Was a Priest of Hepliaklqana.
             Succumbed to Erica's bolt of poison
             ... on level 10 of the Dungeon.
             The game lasted 00:29:02 (7786 turns).

wildpjah the Carver (Demonspawn Gladiator)          Turns: 7786, Time: 00:29:03

Health: -8/72      AC: 17    Str: 15    XL:     11   Next: 35%
Magic:  11/11      EV: 12    Int:  9    God:    Hepliaklqana [***...]
Gold:   408        SH:  9    Dex: 24    Spells: 10/10 levels left

rFire   + . .        v - +0 falchion
rCold   . . .        M - +2 buckler
rNeg    . . .        F - +1 plate armour {rF+}
rPois   .            (helmet unavailable)
rElec   .            L - +0 cloak
rCorr   .            (no gloves)
SInv    +            (no boots)
Will    .....        q - amulet of regeneration Stlth
                     k - +5 ring of evasion
HPRegen 1.12/turn    m - +6 ring of dexterity
MPRegen 0.12/turn

%: no passive effects
@: lethally poisoned (-8 -> -41)
A: reduced essence, antennae 3, yellow scales 1, foul stench 1, spiny 1
a: Renounce Religion, Recall Ancestor, Ancestor Identity, Transference


You were on level 10 of the Dungeon.
You worshipped Hepliaklqana.
Hepliaklqana was most pleased with you.
You visited 2 branches of the dungeon, and saw 11 of its levels.

You collected 408 gold pieces.

Inventory:

Hand Weapons
 a - a +1 long sword
 h - a +0 arbalest
 v - a +0 falchion (weapon)
Missiles
 t - 7 boomerangs
 C - 14 poisoned darts
 H - a javelin
Armour
 b - a +0 leather armour
 F - a +1 plate armour of fire resistance (worn)
 L - a +0 cloak (worn)
 M - a +2 buckler (worn)
Jewellery
 k - a +5 ring of evasion (left hand)
 m - a +6 ring of dexterity (right hand)
 q - an amulet of regeneration (around neck)
 G - a +6 ring of strength
 K - an amulet of magic regeneration
Talismans
 B - a storm talisman
Wands
 o - a wand of paralysis (6)
 w - a wand of flame (15)
 x - a wand of mindburst (17) (quivered)
 E - a wand of iceblast (13)
Scrolls
 c - 6 scrolls of identify
 i - 2 scrolls of fear
 n - 5 scrolls of enchant armour
 p - 3 scrolls of noise {unknown}
 y - 2 scrolls of teleportation
 D - a scroll of poison {unknown}
 J - 3 scrolls of blinking {unknown}
Potions
 e - a potion of mutation {unknown}
 f - 2 potions of invisibility {unknown}
 g - a potion of magic
 j - a potion of enlightenment
 l - a potion of brilliance
 r - 4 potions of heal wounds {unknown}
 s - 2 potions of curing {unknown}
 u - 3 potions of lignification {unknown}
 z - 3 potions of might {unknown}
 I - a potion of cancellation {unknown}


   Skills:
 + Level 6.1 Fighting
 + Level 10.4 Long Blades
 + Level 2.7 Throwing
 + Level 6.9 Armour
 + Level 6.2 Dodging
 + Level 5.7 Stealth
 + Level 5.4 Shields
 + Level 0.1 Evocations


You had 10 spell levels left.
You didn't know any spells.
Your spell library contained the following spells:

 Spells                   Type           Power      Damage    Failure   Level
 Slow                     Hex            0%         N/A       100%        1
 Ensorcelled Hibernation  Hex/Ice        0%         N/A       100%        2
 Mercury Vapours          Alch/Air       0%         N/A       100%        2
 Sublimation of Blood     Necr           0%         N/A       100%        2
 Confusing Touch          Hex            0%         N/A       100%        3
 Frozen Ramparts          Ice            0%         1d1       100%        3
 Mephitic Cloud           Conj/Alch/Air  0%         N/A       100%        3
 Passwall                 Erth           0%         N/A       100%        3
 Sigil of Binding         Hex            0%         N/A       100%        3
 Swiftness                Air            0%         N/A       100%        3
 Vampiric Draining        Necr           0%         2d6       100%        3
 Cause Fear               Hex            0%         N/A       100%        4
 Leda's Liquefaction      Alch/Erth      0%         N/A       100%        4
 Petrify                  Alch/Erth      0%         N/A       100%        4
 Summon Blazeheart Golem  Fire/Summ      0%         N/A       100%        4
 Fireball                 Conj/Fire      0%         3d3       100%        5
 Freezing Cloud           Conj/Ice/Air   0%         6-21      100%        5
 Irradiate                Conj/Alch      0%         3d11      100%        5
 Metabolic Englaciation   Hex/Ice        0%         N/A       100%        5
 Orb of Destruction       Conj           0%         9d5       100%        7
 Spellforged Servitor     Conj/Summ      0%         N/A       100%        7
 Dragon's Call            Summ           0%         N/A       100%        9


Dungeon Overview and Level Annotations

Branches:
Dungeon (10/15)            Temple (1/1) D:5            Lair (0/5) D:8
    Orc (0/2) D:9

Altars:
Ashenzari
Cheibriados
Dithmenos
Fedhas
Gozag
Hepliaklqana
Kikubaaqudgha
Makhleb
Nemelex Xobeh
Okawaru
Qazlal
Ru
Trog
Uskayaw
Vehumet
Wu Jian
Xom
Yredelemnul

Shops:
D:4 [   D:9 :   D:10 *

Annotations:
D:9 1 runed translucent door
D:10 Erica


Innate Abilities, Weirdness & Mutations

Your life essence is reduced to manifest your ancestor. (-10% HP)
You have a pair of large antennae on your head. (SInv)
You are partially covered in yellow scales. (AC +2)
You may rarely emit foul miasma when damaged in melee.
You are partially covered in sharp spines.


Message History

No reachable target in view!
The orc wizard gestures wildly while chanting.
The orc wizard flickers and vanishes for a moment.
Erica the Fiery-Tempered comes into view.
She is wielding a +1 scimitar of flaming.
Erica shouts!
The orc wizard sings a few bars from the Orcish anthem.
The orc wizard casts a spell at you.
The puff of flame hits you but does no damage.
Erica stares at you and mumbles some strange words.
The bolt of poison hits you!
You are poisoned.
You feel very sick.
The orc wizard is engulfed in a cloud of scalding steam.
Erica casts a spell at you. You resist with significant effort.
Necuametl gestures at the orc wizard while chanting.
The puff of frost hits the orc wizard.
You feel very sick.
The orc wizard is engulfed in a cloud of scalding steam.
Necuametl gestures at the orc wizard while chanting.
The stone arrow hits the orc wizard!
The orc wizard dies!
Aiming: Mindburst
Press: ? - help, Q - select action, (/) - cycle Shift-Dir - straight line, f - Erica
Aim: Erica, wielding a +1 scimitar of flaming and wearing a ring of flight (water, chance to affect: 29%) Erica easily resists.
You feel sick. Erica casts a spell at you. The bolt of poison hits you!!
You are more poisoned.
Aiming: Mindburst
Press: ? - help, Q - select action, (/) - cycle Shift-Dir - straight line, f/p - Erica
Aim: Erica, wielding a +1 scimitar of flaming and wearing a ring of flight (water, ally target, chance to affect: 29%) Erica easily resists.
You feel very sick.
Erica stares at you and mumbles some strange words.
The bolt of poison hits you!!
You are lethally poisoned!
* * * LOW HITPOINT WARNING * * *
You die...

##.##
#####.########
#...# #.# #...# #.#
###...### #.#
##.......## #.#
#.........######.#
#....≈≈≈....#.....#
{ {
#...≈≈≈≈≈...#######
...≈≈..)R≈@..# {
...≈≈.>.≈≈...# {
...≈≈...x≈...#
#...≈≈≈≈≈...##
....≈≈≈....#
.........##
.......## ##...##


You could see the friendly Necuametl the battlemage and Erica (ally target).

Vanquished Creatures
  Gastronok (D:10)
  2 two-headed ogres
  4 yaks (D:10)
  A wraith (D:8)
  A wyvern (D:6)
  An acid dragon (D:9)
  3 water moccasins
  2 sky beasts
  2 orc warriors
  5 ice beasts
  A black bear (D:4)
  A wolf (D:8)
  A centaur (D:7)
  2 phantoms
  2 kobold brigands
  2 bullfrogs
  A gnoll sergeant (D:9)
  3 wights (D:8)
  5 killer bees (D:10)
  6 howler monkeys
  A bombardier beetle (D:5)
  A bullfrog zombie (D:5)
  3 jellies
  A gnoll bouda (D:9)
  3 hounds
  4 orc priests
  2 sleepcaps
  3 iguanas
  A scorpion zombie (D:5)
  An orc wizard (D:4)
  10 gnolls
  3 adders
  A shadow imp (D:8)
  3 white imps
  3 dart slugs
  2 ribbon worms
  23 orcs
  3 endoplasms
  10 giant cockroaches
  11 hobgoblins
  5 jackals
  12 kobolds
  3 quokkas
  4 ball pythons
  A bat (D:1)
  6 frilled lizards
  5 goblins
  6 rats
177 creatures vanquished.

Vanquished Creatures (collateral kills)
  A two-headed ogre (D:10)
  Maurice (D:8)
  A rime drake (D:8)
  Jeremiah (D:9)
  A troll (D:10)
  A yak (D:10)
  A wraith (D:8)
  A wyvern (D:7)
  2 steam dragons (D:7)
  An acid dragon (D:10)
  A water moccasin (D:7)
  A black bear (D:7)
  3 orc warriors
  2 ice beasts (D:8)
  2 ogres (D:6)
  A centaur (D:10)
  A bullfrog (D:6)
  2 wights (D:8)
  2 howler monkeys
  A gnoll bouda (D:8)
  2 orc priests
  An iguana (D:7)
  7 orc wizards
  4 gnolls
  A ribbon worm (D:8)
  2 orcs
  A kobold (D:8)
45 creatures vanquished.

Vanquished Creatures (others)
  2 battlemagi (D:8)
2 creatures vanquished.

Grand Total: 224 creatures vanquished

Notes
Turn   | Place    | Note
-------+----------+-------------------------------------------
     0 | D:1      | wildpjah the Demonspawn Gladiator began the quest for the
                  | Orb.
     0 | D:1      | Reached XP level 1. HP: 16/16 MP: 1/1
   198 | D:1      | Gained mutation: You have a pair of small antennae on your
                  | head. [demonic ancestry]
   198 | D:1      | Reached XP level 2. HP: 22/22 MP: 2/2
   394 | D:1      | Reached skill level 3 in Long Blades
   816 | D:2      | Found a broken altar of Ashenzari.
   819 | D:2      | Gained mutation: You are partially covered in sharp spines.
                  | [demonic ancestry]
   819 | D:2      | Reached XP level 3. HP: 27/27 MP: 3/3
  1164 | D:2      | Gained mutation: You may rarely emit foul miasma when
                  | damaged in melee. [demonic ancestry]
  1164 | D:2      | Reached XP level 4. HP: 33/33 MP: 4/4
  1588 | D:3      | Found an ancient bone altar of Kikubaaqudgha.
  1684 | D:3      | Found a faded altar of an unknown god.
  1719 | D:3      | Found a stormy altar of Qazlal.
  1865 | D:3      | Reached skill level 4 in Long Blades
  1865 | D:3      | Reached XP level 5. HP: 23/39 MP: 5/5
  2340 | D:3      | Found a glowing drain.
  2355 | D:3      | Reached skill level 1 in Armour
  2401 | D:3      | Found a burning altar of Makhleb.
  2495 | D:4      | Noticed a phantom
  2496 | D:4      | Noticed a water moccasin
  2513 | D:3      | Killed a phantom
  2514 | D:3      | Reached skill level 1 in Stealth
  2521 | D:4      | Killed a water moccasin
  2522 | D:4      | Gained mutation: You have a pair of antennae on your head.
                  | [demonic ancestry]
  2522 | D:4      | Reached XP level 6. HP: 29/46 MP: 6/6
  2544 | D:4      | Found Xiruob's Antique Armour Emporium.
  2597 | D:4      | Reached skill level 5 in Long Blades
  2656 | D:4      | Found a radiant altar of Vehumet.
  2702 | D:4      | Reached XP level 7. HP: 52/52 MP: 7/7
  2754 | D:4      | Reached skill level 1 in Shields
  3118 | D:5      | Entered Level 5 of the Dungeon
  3139 | D:5      | Found a staircase to the Ecumenical Temple.
  3191 | Temple   | Entered the Ecumenical Temple
  3200 | Temple   | Became a worshipper of Hepliaklqana the Forgotten
  3512 | D:5      | Reached skill level 6 in Long Blades
  3592 | D:5      | Found a sparkling altar of Nemelex Xobeh.
  3859 | D:5      | Found a basalt altar of Yredelemnul.
  3923 | D:6      | Reached * piety under Hepliaklqana
  3992 | D:6      | Noticed a wyvern
  3995 | D:6      | Killed a wyvern
  3996 | D:6      | Reached skill level 5 in Dodging
  3996 | D:6      | Reached XP level 8. HP: 46/54 MP: 8/8
  4560 | D:6      | Reached skill level 7 in Long Blades
  4699 | D:7      | Reached ** piety under Hepliaklqana
  4700 | D:7      | Remembered your ancestor Necuametl as a battlemage
  4739 | D:7      | Gained mutation: You are partially covered in yellow
                  | scales. (AC +2) [demonic ancestry]
  4739 | D:7      | Reached XP level 9. HP: 58/58 MP: 9/9
  5160 | D:7      | Reached skill level 8 in Long Blades
  5169 | D:7      | Found a shadowy altar of Dithmenos.
  5453 | D:7      | Found an opulent altar of Gozag.
  5453 | D:7      | Found a shimmering altar of Xom.
  5557 | D:8      | Found a hide-covered altar of Uskayaw.
  5603 | D:8      | Noticed a rime drake
  5606 | D:8      | Found a staircase to the Lair.
  5607 | D:8      | Killed a rime drake
  5614 | D:8      | Noticed Maurice
  5641 | D:8      | Reached XP level 10. HP: 27/65 MP: 8/10
  5675 | D:8      | Reached skill level 5 in Fighting
  5681 | D:8      | Reached skill level 9 in Long Blades
  5681 | D:8      | Reached skill level 5 in Armour
  5695 | D:8      | Something stole a +6 ring of strength
  5696 | D:8      | Killed Maurice
  5731 | D:8      | Reached *** piety under Hepliaklqana
  6035 | D:8      | Found a sacrificial altar of Ru.
  6270 | D:8      | Found a snail-covered altar of Cheibriados.
  6502 | D:9      | Noticed Jeremiah
  6537 | D:9      | Killed Jeremiah
  6538 | D:9      | Noticed a two-headed ogre
  6604 | D:8      | Killed a two-headed ogre
  6672 | D:9      | Found a staircase to the Orcish Mines.
  6778 | D:9      | Noticed a two-headed ogre
  6793 | D:9      | Found a runed translucent door.
  6802 | D:9      | Killed a two-headed ogre
  6803 | D:9      | Noticed a white ugly thing
  6804 | D:9      | Noticed a boulder beetle
  6807 | D:9      | Noticed an orc knight
  6916 | D:9      | Found Ruproguch's Tremendous Tomes.
  7088 | D:9      | Reached skill level 5 in Stealth
  7363 | D:10     | Entered Level 10 of the Dungeon
  7364 | D:10     | Found Ympucl Nine's Demolitions Depot.
  7373 | D:10     | Reached skill level 10 in Long Blades
  7416 | D:10     | Identified the +4 plate armour of Action {Harm Str+3 Int-2
                  | Stlth+}
  7455 | D:10     | Gained mutation: You have a pair of large antennae on your
                  | head. (SInv) [demonic ancestry]
  7455 | D:10     | Reached XP level 11. HP: 66/72 MP: 11/11
  7492 | D:10     | Noticed a two-headed ogre
  7500 | D:10     | Killed a two-headed ogre
  7616 | D:10     | Reached skill level 5 in Shields
  7640 | D:10     | Noticed Gastronok
  7665 | D:10     | Killed Gastronok
  7779 | D:10     | Noticed Erica
  7785 | D:10     | HP: 1/72 [Erica/bolt of poison (26)]
  7786 | D:10     | Succumbed to Erica's bolt of poison

Illustrated notes

Levels and vault maps discovered:
D:1:      giann_wishing_wells, layout_loops_ring, minmay_misc_feat_ornament
D:2:      layout_loops_corners, basic_altar
D:3:      layout_loops_ring, lightli_temple_of_fire,
          nicolae_overflow_crystal_walls, kiku_gazebo_garden_becter,
          portal_sewer_entry_f, hellmonk_ecumenical_altar_lost_god
D:4:      layout_basic, amcnicky_altar_gilded, kennysheep_windowed_goal
D:5:      layout_loops_ring, lemuel_zombie_altar_yredelemnul,
          mainiacjoe_overflow_boulevard, minmay_temple_entry_glass,
          minmay_crystal_water, minmay_liquid_box
D:6:      layout_gridville, elyvilon_altar_4
D:7:      layout_basic, nicolae_dithmenos_shadow_blocks,
          gammafunk_temple_overflow_elements, corner_web_ring
D:8:      layout_loops_corners, lemuel_round_altar, slow_altar_2,
          nicolae_ru_path_of_blood, hellmonk_lair_entry_icy, uniq_maurice
D:9:      layout_rooms, orc_0_dummy, nicolae_shop_i_like_big_books, wad_hexagon,
          uniq_jeremiah
D:10:     layout_basic, tgw_sif, serial_shops, shop, nicolae_blasting_shop,
          uniq_erica, uniq_gastronok
Temple:   nicolae_temple_superstar

Skill      XL: |  1  2  3  4  5  6  7  8  9 10 11 |
---------------+----------------------------------+-----
Dodging        | 3 4 5 6 |  6.2
Throwing       | 2 |  2.7
Long Blades    | 3 4 5 6 7 8 10 | 10.4
Armour         | 1 2 3 4 6 |  6.9
Stealth        | 1 3 5 |  5.7
Fighting       | 3 4 5 6 |  6.1
Shields        | 1 2 3 4 5 |  5.4
Evocations     | |  0.1

Action                     |  1- 3 |  4- 6 |  7- 9 | 10-12 || total
---------------------------+-------+-------+-------+-------++-------
  Melee: Long sword        |    79 |   102 |    65 |       ||   246
         Falchion          |       |       |   127 |   264 ||   391
  Throw: Javelin           |     1 |     1 |     3 |       ||     5
         Throwing net      |       |       |     3 |     4 ||     7
 Invoke: Ancestor Life: Ba |       |       |     1 |       ||     1
         Recall Ancestor   |       |       |       |     1 ||     1
  Evoke: Wand              |       |       |       |     3 ||     3
    Use: Scroll            |       |     5 |     4 |       ||     9
   Stab: Sleeping          |     3 |     4 |       |       ||     7
         Distracted        |       |       |     6 |     5 ||    11
         Held in net/web   |       |       |     2 |     6 ||     8
 Armour: Leather armour    |    34 |     6 |       |       ||    40
         Plate armour      |       |    59 |   114 |   144 ||   317
  Dodge: Dodged            |    51 |    58 |    71 |   105 ||   285
  Block: Buckler           |       |    26 |    48 |    79 ||   153

Table legend: (Time is in decaauts)
 A = Elapsed time spent in this place.
 B = Non-inter-level travel time spent in this place.
 C = Inter-level travel time spent in this place.
 D = Time resting spent in this place.
 E = Time spent auto-exploring this place.
 F = Levels seen in this place.
 G = Mean time per level.
                   A        B        C        D        E       F      G
               +--------+--------+--------+--------+--------+-----+--------+
         Total |   7822 |   7496 |    326 |      0 |   5823 |  11 |  711.1 |
       Dungeon |   7803 |   7485 |    318 |      0 |   5823 |  10 |  780.3 |
        Temple |     18 |     10 |      8 |      0 |      0 |   1 |   18.0 |
               +--------+--------+--------+--------+--------+-----+--------+

Top non-repeatable levels by time:
     D:8: 978 daAuts
     D:3: 910 daAuts
     D:7: 853 daAuts
     D:2: 832 daAuts
     D:9: 814 daAuts
     D:1: 809 daAuts
     D:5: 789 daAuts
     D:6: 786 daAuts
     D:4: 620 daAuts
    D:10: 408 daAuts
  Temple: 18 daAuts
